AoeStats
← jphilkill

Nomad

507247007Analyzed
4v4 RM · 16d ago on Sep 17, 2026· 57m 26s· 8 players
Game mode
Random Map
Map size
231×231
Population
200
Speed
Normal
Resources
Standard
Victory
Conquest
Starting age
Dark Age
Ending age
Imperial Age
RankedLock teamsTeams togetherTeam positionsShared explorationLock speedFull tech treeHidden civsTurbo modeCheats
Victory
Defeat
🇳🇴 Italians · Norway
895
+16
🇨🇳 Franks · China
873
+17
🇨🇳 Aztecs · China
833
+19
🇨🇳 Tatars · China
760
+22
🇦🇺 Hindustanis · Australia
973
-22
🇩🇪 Burmese · Germany
936
-20
🇹🇼 Bulgarians · Taiwan
886
-18
🇹🇷 Mongols · Türkiye
793
-14
Tavis
7:05 Loom
15:55 Feudal Age
19:15 Double-Bit Axe
23:48 Castle Age
25:32 Wheelbarrow
32:12 Husbandry
34:46 Fishing Lines
36:01 Scale Barding Armor
36:09 Forging
37:42 Hand Cart
39:56 Gillnets
42:02 Squires
41:47 Arson
41:23 Pikeman
43:51 Chain Barding Armor
45:18 Iron Casting
44:48 Scale Mail Armor
57:13 Bow Saw
57:29 Chain Mail Armor
57:10 Fletching
58:04 #83
kris10an
17:09 Feudal Age
18:06 Fishing Lines
19:29 Wheelbarrow
23:33 Castle Age
21:43 Double-Bit Axe
25:22 Bow Saw
25:08 Fletching
25:20 Padded Archer Armor
31:54 Imperial Age
29:40 Hand Cart
31:55 Gillnets
32:30 Ballistics
33:36 Chemistry
37:42 Two-Man Saw
36:25 Horse Collar
37:39 Murder Holes
39:46 Pikeman
40:29 Squires
42:51 Pirotechnia
43:10 Silk Road
43:31 Thumb Ring
45:38 Forging
45:28 Scale Mail Armor
45:24 Bodkin Arrow
45:50 Leather Archer Armor
47:53 Arson
48:14 Bracer
49:24 Conscription
49:30 Caravan
50:09 Ring Archer Armor
49:55 Chain Mail Armor
50:16 Iron Casting
51:00 Shipwright
50:56 Clinker Construction
50:33 Elite Skirmisher
Tamerlane
11:00 Loom
13:38 Feudal Age
15:33 Double-Bit Axe
21:46 Castle Age
20:22 Gold Mining
20:34 Fletching
21:16 Padded Archer Armor
22:48 Wheelbarrow
22:59 Bodkin Arrow
24:18 Town Watch
27:45 Husbandry
30:35 Bow Saw
31:24 Bloodlines
33:21 Leather Archer Armor
37:35 Imperial Age
35:39 Scale Barding Armor
36:07 Ballistics
36:13 Hand Cart
38:32 Bracer
39:33 Chemistry
38:17 Heavy Cavalry Archer
39:46 Conscription
41:31 Siege Engineers
41:58 Ring Archer Armor
42:01 Chain Barding Armor
43:06 Timurid Siegecraft
45:22 Plate Barding Armor
45:20 Fortified Wall
45:20 Masonry
44:51 Treadmill Crane
45:23 Elite Keshik
46:19 Guilds
47:05 Silk Armor
47:16 Forging
46:52 Horse Collar
49:15 Gold Shaft Mining
48:30 Stone Mining
50:25 Light Cavalry
51:41 Iron Casting
51:17 Murder Holes
54:31 Hussar
56:59 Blast Furnace
56:31 Coinage
An
16:43 Feudal Age
21:06 Castle Age
19:35 Double-Bit Axe
24:13 Stone Mining
24:15 Gold Mining
31:25 Imperial Age
28:38 Eagle Warrior
36:06 Forging
35:57 Scale Mail Armor
39:59 Pikeman
46:33 Chain Mail Armor
47:09 Elite Skirmisher
56:22 Wheelbarrow
zivrisinek
3:50 Loom
18:49 Feudal Age
20:37 Fishing Lines
21:34 Wheelbarrow
20:45 Town Watch
20:48 Double-Bit Axe
20:57 Stone Mining
20:59 Gold Mining
21:45 Horse Collar
23:52 Bloodlines
28:46 Castle Age
27:40 Scale Barding Armor
27:36 Scale Mail Armor
27:28 Fletching
30:21 Hand Cart
31:30 Nomads
31:28 Bodkin Arrow
31:34 Padded Archer Armor
32:41 Gillnets
33:41 Town Patrol
36:39 Heavy Plow
38:43 Bow Saw
42:29 Thumb Ring
41:46 Crossbowman
43:02 Chain Barding Armor
42:57 Chain Mail Armor
42:46 Husbandry
43:23 Ballistics
44:53 Murder Holes
45:08 Masonry
48:59 Imperial Age
47:31 Gold Shaft Mining
47:31 Leather Archer Armor
47:27 Forging
49:57 Elite Skirmisher
50:33 Elite Steppe Lancer
51:49 Drill
52:08 Conscription
52:09 Drill
54:06 Hoardings
53:59 Onager
54:54 Elite Mangudai
56:25 Siege Engineers
57:21 Chemistry
56:05 Pikeman
56:45 Squires
不動游星
15:24 Feudal Age
23:22 Castle Age
28:41 Gambesons
29:12 Fishing Lines
30:48 Fletching
31:42 Wheelbarrow
30:58 Double-Bit Axe
32:20 Horse Collar
33:32 Heavy Plow
38:19 Imperial Age
35:36 Elite Skirmisher
37:20 Thumb Ring
37:38 Bodkin Arrow
39:30 Bracer
PACKITUP
6:17 Loom
15:31 Feudal Age
25:06 Castle Age
22:59 Stone Mining
23:49 Fletching
24:32 Forging
24:28 Scale Barding Armor
24:10 Horse Collar
25:58 Double-Bit Axe
26:43 Husbandry
29:12 Bloodlines
28:23 Light Cavalry
29:06 Gold Mining
34:20 Iron Casting
35:04 Scale Mail Armor
35:50 Grand Trunk Road
37:01 Gold Shaft Mining
38:18 Chain Barding Armor
41:18 Wheelbarrow
43:59 Imperial Age
44:13 Chain Mail Armor
44:31 Heavy Camel Rider
44:31 Hussar
46:52 Conscription
48:00 Heavy Cavalry Archer
48:01 Crossbowman
48:47 Thumb Ring
48:39 Bodkin Arrow
48:45 Padded Archer Armor
49:39 Elite Skirmisher
51:26 Elite Ghulam
53:08 Bow Saw
jphilkill
3:29 Loom
19:08 Feudal Age
24:19 Castle Age
23:04 Gold Mining
23:07 Stone Mining
24:38 Fletching
27:30 Bodkin Arrow
35:22 Scale Barding Armor
35:28 Forging
40:08 Wheelbarrow
41:46 Hand Cart
44:06 Gold Shaft Mining
47:32 Medium Warships
51:59 Imperial Age
48:53 Elite Skirmisher
51:10 Ballistics
53:20 Conscription
53:22 Chain Barding Armor
53:05 Scale Mail Armor
57:19 Chain Mail Armor
57:39 Plate Barding Armor
57:05 Padded Archer Armor
57:05 Bracer
Connection lost

Rejoining the realm…

Still unreachable

The connection could not be restored.

Session expired

The server has moved on; the page needs a fresh start.